cohdb
Replays
Latest Replays
All Replays
Popular Replays
Top Player Replays
Match Explorer
How It Works
Community
CoH3 Stats
Reddit
Sign in to upload your games and track your stats! →
Sign in with Steam
Match 41144530
Unlisted
Match 41144530
Overview
Messages
Build Orders
End
Construct Barracks
Selects Heavy Weapons
Riflemen Squad
Riflemen Squad
Construct Weapon Support Center
M1919 Machine Gun Team
Grenade Package
Selects M2HB .50cal Heavy Machine Gun
Riflemen Squad
Infantry Support Center
M3 Armored Personnel Carrier
M1918 Browning Automatic Rifles
Selects Assault Carriers
Riflemen Squad
JOJO
『BlackBear』
QAQ87
灬柒霜傲雪乄
Revolution
Mo-J
Wheeler
HiddenJoker
0
0
Comments
sign in to comment!
No comments posted yet!